 Dungeon Crawl Stone Soup version 0.22.0-38-g04b72b8 (webtiles) character file.

1838 Lew the Shield-Bearer (level 9, -3/65 HPs)
             Began as a Gnoll Fighter on Aug 28, 2018.
             Was a Priest of Okawaru.
             Slain by an orc warrior
             ... wielding a +0 short sword
              (8 damage)
             ... on level 6 of the Dungeon.
             The game lasted 00:07:50 (4575 turns).

Lew the Shield-Bearer (Gnoll Fighter)               Turns: 4575, Time: 00:07:52

Health: -3/65      AC: 10    Str: 27    XL:     9   Next: 11%
Magic:  14/14      EV: 11    Int: 10    God:    Okawaru [***...]
Gold:   380        SH: 12    Dex: 15    Spells: 15/15 levels left

rFire    . . .     SeeInvis .   a - +0 long sword
rCold    . . .     Gourm    .   c - +0 shield
rNeg     . . .     Faith    .   b - +0 scale mail
rPois    .         Spirit   .   (no helmet)
rElec    .         Reflect  .   r - +0 cloak
rCorr    .         Harm     .   (no gloves)
MR       .....                  m - +0 pair of boots
Stlth    +.........             (no amulet)
HPRegen  0.20/turn              (no ring)
MPRegen  0.14/turn              t - ring of flight

@: mighty
A: distributed training, fangs 1, frail 1, MP-powered wands, strong nose
a: Heroism, Renounce Religion, Evoke Flight


You were on level 6 of the Dungeon.
You worshipped Okawaru.
Okawaru was most pleased with you.
You were very hungry.

You visited 1 branch of the dungeon, and saw 6 of its levels.

You collected 380 gold pieces.

Inventory:

Hand Weapons
 a - a +0 long sword (weapon)
Armour
 b - a +0 scale mail (worn)
 c - a +0 shield (worn)
 m - a +0 pair of boots (worn)
 r - a +0 cloak (worn)
Jewellery
 t - a ring of flight (right hand)
Wands
 s - a wand of polymorph (12)
 u - a wand of digging (13)
Scrolls
 g - 3 scrolls of remove curse
 h - 3 scrolls of amnesia
 j - a scroll of fog
 l - 2 scrolls of noise
 n - 3 scrolls of teleportation
 o - 2 scrolls of enchant weapon
 p - 4 scrolls of fear
 x - 3 scrolls of magic mapping
Potions
 i - 3 potions of lignification
 k - a potion of ambrosia
Comestibles
 f - 18 rations


   Skills:
 + Level 7.6 Fighting
 + Level 3.8 Short Blades
 + Level 6.0 Long Blades
 + Level 3.8 Axes
 + Level 3.8 Maces & Flails
 + Level 3.8 Polearms
 + Level 3.8 Staves
 + Level 3.8 Slings
 + Level 3.8 Bows
 + Level 3.8 Crossbows
 + Level 3.8 Throwing
 + Level 7.6 Armour
 + Level 3.8 Dodging
 + Level 3.8 Stealth
 + Level 7.6 Shields
 + Level 3.8 Unarmed Combat
 + Level 3.8 Spellcasting
 + Level 3.1 Conjurations
 + Level 3.1 Hexes
 + Level 3.1 Charms
 + Level 3.1 Summonings
 + Level 3.1 Necromancy
 + Level 3.1 Translocations
 + Level 3.1 Transmutations
 + Level 3.1 Fire Magic
 + Level 3.1 Ice Magic
 + Level 3.1 Air Magic
 + Level 3.1 Earth Magic
 + Level 3.1 Poison Magic
 + Level 4.2 Invocations
 + Level 3.8 Evocations


You had 15 spell levels left.
You didn't know any spells.
Your spell library was empty.

Dungeon Overview and Level Annotations

Branches:
Dungeon (6/15)
 Temple: D:4-7

Altars:
Hepliaklqana
Nemelex Xobeh
Okawaru
Xom

Shops:
D:5 *


Innate Abilities, Weirdness & Mutations

Your experience applies equally to all skills.
You have very sharp teeth.
Your uncanny sense of smell can sniff out nearby items.
You are frail. (-10% HP)
You expend magic power (3 MP) to strengthen your wands.


Message History

You slash the orc wizard!
The orc wizard is heavily wounded.
You block the orc's attack. The iguana closely misses you.
The orc warrior closely misses you. You block the orc wizard's attack.
You slash the orc wizard!
You kill the orc wizard!
Okawaru accepts your kill. The orc closely misses you.
You riposte.
You hit the orc.
The orc is severely wounded.
The iguana bites you.
The orc warrior hits you with a short sword!
* * * LOW HITPOINT WARNING * * *
You slice the orc warrior!! Your bite misses the orc warrior.
The orc warrior is severely wounded.
The orc barely misses you. You block the iguana's attack.
The orc warrior hits you with a short sword!
* * * LOW HITPOINT WARNING * * *
You block the iguana's attack. The orc hits you but does no damage.
The orc warrior hits you with a short sword!
You die...

# ##+## ## .
#..###...##.##...
.......)o.......>
.......@o....<...
........l........
..###..####....##
### ....# ∆ .....
..... .... .$##


You could see an orc warrior, an iguana and an orc.

Vanquished Creatures
  Pikel (D:5)
  Grinder (D:3)
  Sigmund (D:5)
  An ice beast (D:5)
  A phantom (D:4)
  3 slaves (D:5)
  An ogre (D:4)
  A bullfrog (D:3)
  A gnoll sergeant (D:5)
  Blork the orc (D:4)
  A howler monkey (D:4)
  A crimson imp (D:5)
  2 hounds
  3 orc wizards
  A centaur skeleton (D:4)
  Jessica (D:2)
  2 iguanas
  3 worker ants
  A hound skeleton (D:4)
  4 gnolls (D:5)
  4 adders (D:3)
  2 worms (D:4)
  2 dart slugs (D:3)
  4 leopard geckos
  3 orcs
  2 bats (D:3)
  4 giant cockroaches
  8 goblins
  10 hobgoblins
  4 jackals
  4 kobolds
  2 frilled lizards
  A quokka skeleton (D:4)
  3 rats
84 creatures vanquished.

Vanquished Creatures (others)
  A slave (D:5)
1 creature vanquished.

Grand Total: 85 creatures vanquished

Notes
Turn   | Place    | Note
-------+----------+-------------------------------------------
     0 | D:1      | Lew the Gnoll Fighter began the quest for the Orb.
     0 | D:1      | Reached XP level 1. HP: 23/23 MP: 1/1
   239 | D:1      | Reached XP level 2. HP: 22/29 MP: 2/2
   752 | D:2      | Noticed Jessica
   766 | D:2      | Killed Jessica
   766 | D:2      | Reached skill level 1 in Invocations
   766 | D:2      | Reached XP level 3. HP: 34/35 MP: 2/4
  1119 | D:3      | Reached skill level 1 in Short Blades
  1119 | D:3      | Reached skill level 1 in Axes
  1119 | D:3      | Reached skill level 1 in Maces & Flails
  1119 | D:3      | Reached skill level 1 in Polearms
  1119 | D:3      | Reached skill level 1 in Staves
  1119 | D:3      | Reached skill level 1 in Slings
  1119 | D:3      | Reached skill level 1 in Bows
  1119 | D:3      | Reached skill level 1 in Crossbows
  1119 | D:3      | Reached skill level 1 in Throwing
  1119 | D:3      | Reached skill level 1 in Dodging
  1119 | D:3      | Reached skill level 1 in Stealth
  1119 | D:3      | Reached skill level 1 in Unarmed Combat
  1119 | D:3      | Reached skill level 1 in Spellcasting
  1119 | D:3      | Reached skill level 1 in Evocations
  1198 | D:3      | Reached XP level 4. HP: 31/41 MP: 5/5
  1404 | D:3      | Noticed a bullfrog
  1424 | D:3      | Killed a bullfrog
  1424 | D:3      | Reached skill level 1 in Conjurations
  1424 | D:3      | Reached skill level 1 in Hexes
  1424 | D:3      | Reached skill level 1 in Charms
  1424 | D:3      | Reached skill level 1 in Summonings
  1424 | D:3      | Reached skill level 1 in Necromancy
  1424 | D:3      | Reached skill level 1 in Translocations
  1424 | D:3      | Reached skill level 1 in Transmutations
  1424 | D:3      | Reached skill level 1 in Fire Magic
  1424 | D:3      | Reached skill level 1 in Ice Magic
  1424 | D:3      | Reached skill level 1 in Air Magic
  1424 | D:3      | Reached skill level 1 in Earth Magic
  1424 | D:3      | Reached skill level 1 in Poison Magic
  1424 | D:3      | Reached XP level 5. HP: 21/47 MP: 5/7
  1614 | D:3      | Found an iron altar of Okawaru.
  1648 | D:3      | Became a worshipper of Warmaster Okawaru
  1830 | D:3      | Noticed Grinder
  1849 | D:3      | Killed Grinder
  1849 | D:3      | Reached * piety under Okawaru
  1849 | D:3      | Reached skill level 5 in Long Blades
  1849 | D:3      | Reached XP level 6. HP: 32/53 MP: 7/9
  2350 | D:4      | Noticed a phantom
  2374 | D:4      | Killed a phantom
  2374 | D:4      | Reached XP level 7. HP: 54/60 MP: 10/10
  2920 | D:4      | Noticed Blork the orc
  2929 | D:4      | Killed Blork the orc
  2929 | D:4      | Reached XP level 8. HP: 59/67 MP: 12/12
  3117 | D:5      | Entered Level 5 of the Dungeon
  3125 | D:5      | Noticed Pikel
  3153 | D:5      | Killed Pikel
  3153 | D:5      | Reached ** piety under Okawaru
  3338 | D:5      | Found a shimmering altar of Xom.
  3839 | D:5      | Noticed Sigmund
  3846 | D:5      | Killed Sigmund
  3846 | D:5      | Reached *** piety under Okawaru
  3846 | D:5      | Reached XP level 9. HP: 58/72 MP: 14/14
  3857 | D:5      | Gained mutation: You are frail. (-10% HP) [potion of mutation]
  3857 | D:5      | Gained mutation: You expend magic power (3 MP) to strengthen your wands. [potion of mutation]
  4154 | D:5      | Found a sparkling altar of Nemelex Xobeh.
  4154 | D:5      | Found a hazy altar of Hepliaklqana.
  4446 | D:5      | Found Pezoehos's General Store.
  4575 | D:6      | Slain by an orc warrior

Skill      XL: |  1  2  3  4  5  6  7  8 |
---------------+-------------------------+-----
Invocations    | 1 2 3 4 |  4.2
Short Blades   | 1 2 3 |  3.8
Axes           | 1 2 3 |  3.8
Maces & Flails | 1 2 3 |  3.8
Polearms       | 1 2 3 |  3.8
Staves         | 1 2 3 |  3.8
Slings         | 1 2 3 |  3.8
Bows           | 1 2 3 |  3.8
Crossbows      | 1 2 3 |  3.8
Throwing       | 1 2 3 |  3.8
Dodging        | 1 2 3 |  3.8
Stealth        | 1 2 3 |  3.8
Unarmed Combat | 1 2 3 |  3.8
Spellcasting   | 1 2 3 |  3.8
Evocations     | 1 2 3 |  3.8
Conjurations   | 1 2 3 |  3.1
Hexes          | 1 2 3 |  3.1
Charms         | 1 2 3 |  3.1
Summonings     | 1 2 3 |  3.1
Necromancy     | 1 2 3 |  3.1
Translocations | 1 2 3 |  3.1
Transmutations | 1 2 3 |  3.1
Fire Magic     | 1 2 3 |  3.1
Ice Magic      | 1 2 3 |  3.1
Air Magic      | 1 2 3 |  3.1
Earth Magic    | 1 2 3 |  3.1
Poison Magic   | 1 2 3 |  3.1
Long Blades    | 5 6 |  6.0
Fighting       | 7 |  7.6
Armour         | 7 |  7.6
Shields        | 7 |  7.6

Action                   |  1- 3 |  4- 6 |  7- 9 || total
-------------------------+-------+-------+-------++-------
Melee: Long sword        |    63 |   104 |   220 ||   387
       Bite              |     2 |    11 |    30 ||    43
  Use: Scroll            |     3 |       |     6 ||     9
       Potion            |     2 |       |     8 ||    10
 Stab: Distracted        |       |       |     1 ||     1
       Sleeping          |       |       |     1 ||     1
  Eat: Chunk             |       |     5 |     6 ||    11
Armor: Scale mail        |    23 |    36 |    56 ||   115
Dodge: Dodged            |    14 |    37 |    68 ||   119
Block: Shield            |    35 |    62 |   126 ||   223
       Rpst.: Long sword |     4 |    12 |    20 ||    36
